 Dungeon Crawl Stone Soup version 0.20.1-1-g8b1a95d (webtiles) character file.

38 JayJay1191 the Insei (level 3, 0/26 HPs)
             Began as a Merfolk Transmuter on Dec 6, 2017.
             Succumbed to an adder's poison
             ... on level 1 of the Dungeon.
             The game lasted 00:09:51 (1116 turns).

JayJay1191 the Insei (Merfolk Transmuter)           Turns: 1116, Time: 00:09:52

Health: 0/26       AC:  3    Str: 10    XL:     3   Next: 43%
Magic:  5/6        EV: 13    Int: 13    God:
Gold:   33         SH:  0    Dex: 17    Spells: 2/6 levels left

rFire    . . .     SeeInvis .     - Unarmed
rCold    . . .     Gourm    .   (no shield)
rNeg     . . .     Faith    .   b - +0 robe
rPois    .         Spirit   .   (no helmet)
rElec    .         Reflect  .   (no cloak)
rCorr    .         Harm     .   j - +0 pair of gloves
MR       .....                  (no boots)
Stlth    ++........             (no amulet)
Regen    0.1/turn               e - +3 ring of dexterity
MPRegen  0.1/turn               (no ring)

@: lethally poisoned (0 -> -2), very slightly contaminated
A: change form in water, swift swim, stealthy swim
a: no special abilities


You were on level 1 of the Dungeon.
You were not hungry.

You visited 1 branch of the dungeon, and saw 2 of its levels.

You collected 33 gold pieces.

Inventory:

Missiles
 a - 12 arrows
Armour
 b - a +0 robe (worn)
 j - a +0 pair of gloves (worn)
Jewellery
 e - a +3 ring of dexterity (left hand)
Scrolls
 f - 4 scrolls of remove curse {unknown}
 i - a scroll of fear {unknown}
Potions
 g - a potion of agility {unknown}
Books
 c - a book of Changes

   Spells                             Type                      Level
   a - Beastly Appendage              Transmutation                1
   b - Sticks to Snakes               Transmutation                2
   c - Spider Form                    Transmutation/Poison         3
   d - Ice Form                       Ice/Transmutation            4
   e - Blade Hands                    Transmutation                5
Comestibles
 d - a bread ration
 h - 4 chunks of flesh


   Skills:
 - Level 1.1 Fighting
 - Level 2.6 Dodging
 - Level 4.5 Unarmed Combat
 + Level 2.0 Spellcasting
 * Level 3.0 Transmutations
 * Level 0.4 Poison Magic


You had 2 spell levels left.
You knew the following spells:

 Your Spells              Type           Power        Failure   Level  Hunger
a - Beastly Appendage     Tmut           #.....       8%          1    ##.....
b - Spider Form           Tmut/Pois      #.........   36%         3    ####...


Dungeon Overview and Level Annotations

Branches:
Dungeon (2/15)

Altars:


Message History

The adder is heavily wounded.
The adder bites you.
* * * LOW HITPOINT WARNING * * *
You are poisoned.
The adder poisons you!
You barely miss the adder.
The adder is heavily wounded.
* * * LOW HITPOINT WARNING * * *
You feel sick. The adder barely misses you.
You hit the adder but do no damage.
The adder is heavily wounded.
The adder bites you.
* * * LOW HITPOINT WARNING * * *
You hit the adder.
The adder is severely wounded.
The adder completely misses you. The adder closely misses you.
You hit the adder.
You kill the adder!
Your Transmutations skill increases to level 3!
You die...

#.##.#.# #....)
#.##...###########.....
#.##>.[................
##.####.##......###.....
#.......##......# #.....
#######.######### #.....
#.# #########.....
#.###.............
#@....#...........
#######.###..####.
#.'<'.......
##########..
############..
#.............
#####.############
#.........# #.
#.........# #.


There were no monsters in sight!

Vanquished Creatures
  An adder (D:1)
  A dart slug (D:1)
  2 bats (D:1)
  A giant cockroach (D:1)
  3 goblins (D:1)
  3 hobgoblins
  3 jackals (D:1)
  4 kobolds (D:1)
  4 frilled lizards (D:1)
  5 rats
27 creatures vanquished.

Notes
Turn   | Place    | Note
-------+----------+-------------------------------------------
     0 | D:1      | JayJay1191 the Merfolk Transmuter began the quest for the Orb.
     0 | D:1      | Reached XP level 1. HP: 15/15 MP: 3/3
   244 | D:1      | Reached XP level 2. HP: 18/21 MP: 3/5
   252 | D:1      | Reached skill level 4 in Unarmed Combat
   997 | D:1      | Reached XP level 3. HP: 24/26 MP: 4/6
  1002 | D:1      | Learned a level 3 spell: Spider Form
  1113 | D:1      | HP: 1/26 [adder (2)]
  1116 | D:1      | Succumbed to an adder's poison

Skill      XL: |  1  2  3 |
---------------+----------+-----
Unarmed Combat | 4 |  4.5
Transmutations | 3 |  3.0
Fighting       | |  1.1
Dodging        | |  2.6
Spellcasting   | |  2.0
Poison Magic   | |  0.4

Action                   || total
-------------------------++-------
Melee: Unarmed           ||    84
       Headbutt          ||     9
       Punch             ||     1
 Cast: Beastly Appendage ||    16
 Stab: Sleeping          ||     1
  Eat: Chunk             ||     1
Armor: Robe              ||    19
Dodge: Dodged            ||    73
